 Dungeon Crawl Stone Soup version 0.27-a0-1060-gcb85b5eba1 (webtiles) character file.

Game seed: 10559250192381606699

72 kae the Changer (level 4, -2/32 HPs)
             Began as a Merfolk Transmuter on Apr 21, 2021.
             Slain by an orc
             ... wielding a +0 mace
              (6 damage)
             ... on level 3 of the Dungeon.
             The game lasted 00:01:08 (2186 turns).

kae the Changer (Merfolk Transmuter)                Turns: 2186, Time: 00:01:08

Health: -2/32      AC:  3    Str: 10    XL:     4   Next: 25%
Magic:  2/7        EV: 13    Int: 13    God:
Gold:   81         SH:  0    Dex: 14    Spells: 3/7 levels left

rFire    . . .     SeeInvis .   e - +2 whip (flame)
rCold    . . .     Faith    .   (no shield)
rNeg     . . .     Spirit   .   a - +0 robe
rPois    .         Reflect  .   (no helmet)
rElec    .         Harm     .   (no cloak)
rCorr    .         Rampage  .   c - +0 pair of gloves
Will     .....                  (no boots)
Stlth    +.........             (no amulet)
HPRegen  0.10/turn              (no ring)
MPRegen  0.10/turn              (no ring)

@: attractive
A: (nimble swimmer 2), mertail
a: no special abilities


You were on level 3 of the Dungeon.
You visited 1 branch of the dungeon, and saw 3 of its levels.

You collected 81 gold pieces.

Inventory:

Hand Weapons
 e - a +2 whip of flaming (weapon)
Missiles
 d - a throwing net
Armour
 a - a +0 robe (worn)
 c - a +0 pair of gloves (worn)
Scrolls
 b - 2 scrolls of fear {unknown}
 f - a scroll of torment {unknown}
 g - 2 scrolls of identify
 i - 2 scrolls of teleportation {unknown}
 j - a scroll of acquirement {unknown}
Potions
 k - a potion of brilliance {unknown}


   Skills:
 + Level 1.6 Fighting
 + Level 3.3 Dodging
 * Level 3.9 Unarmed Combat
 + Level 2.3 Spellcasting
 * Level 3.9 Transmutations
 * Level 0.7 Poison Magic


You had 3 spell levels left.
You knew the following spells:

 Your Spells              Type           Power      Damage    Failure   Level
a - Beastly Appendage     Tmut           22%        N/A       4%          1
b - Spider Form           Tmut/Pois      3%         N/A       28%         3

Your spell library contained the following spells:

 Spells                   Type           Power      Damage    Failure   Level
 Wereblood                Tmut           11%        N/A       8%          2
 Ice Form                 Ice/Tmut       6%         N/A       73%         4
 Hydra Form               Tmut           5%         N/A       80%         5


Dungeon Overview and Level Annotations

Branches:
Dungeon (3/15)

Altars:

Annotations:
D:2 Grinder


Innate Abilities, Weirdness & Mutations

((You are quick and stealthy near water. (Stealth+, EV+, Speed+++)))
Your lower body shifts to a powerful aquatic tail in water.


Message History

You hit the orc.
The orc is poisoned.
The orc is severely wounded.
The orc closely misses you.
You barely miss the orc.
The orc is severely wounded.
The orc barely misses you.
You barely miss the orc.
The orc is severely wounded.
Your magical contamination has completely faded away.
You hit the orc but do no damage.
The orc looks as sick as possible!
The orc is severely wounded.
You kill the orc!
You barely miss the orc. The orc completely misses you.
An orc comes into view.
It is wielding a +0 dagger of electrocution.
The orc is pulled toward you!
The orc shouts!
You hit the orc.
The orc is poisoned.
The orc is severely wounded.
You hear an angry hiss.
The orc hits you with a +0 club. The orc closely misses you.
You hit the orc.
The orc looks as sick as possible!
The orc is almost dead.
You kill the orc!
The orc barely misses you.
You hit the orc.
The orc is poisoned.
The orc is severely wounded.
The orc hits you with a +0 mace. The orc barely misses you.
You barely miss the orc.
The orc is severely wounded.
Your transformation has ended.
Your +2 whip of flaming unmelds from your body.
Your +0 pair of gloves unmelds from your body.
Your +0 robe unmelds from your body.
Your +2 whip of flaming bursts into flame!
You kill the orc!
The orc hits you with a +0 mace!
* * * LOW HITPOINT WARNING * * *
You closely miss the orc. The orc barely misses you.
You barely miss the orc. The orc hits you with a +0 mace.
You die...

..... ... ..
.... ....
...####..##....
.....o.........
...o...o.......
#.###<..#
#.......###..
#.###........
#.)@o.#####..
#.##### #


You could see an orc.

Vanquished Creatures
  2 dart slugs
  4 orcs (D:3)
  9 bats
  4 endoplasms
  4 giant cockroaches
  7 goblins
  8 hobgoblins
  4 jackals
  5 kobolds
  A quokka (D:1)
  A ball python (D:1)
  3 frilled lizards (D:1)
  5 rats
57 creatures vanquished.

Notes
Turn   | Place    | Note
-------+----------+-------------------------------------------
     0 | D:1      | kae the Merfolk Transmuter began the quest for the Orb.
     0 | D:1      | Reached XP level 1. HP: 15/15 MP: 3/3
   199 | D:1      | Reached XP level 2. HP: 21/21 MP: 3/5
   685 | D:1      | Reached XP level 3. HP: 26/26 MP: 6/6
  1391 | D:2      | Learned a level 3 spell: Spider Form
  1794 | D:2      | Reached XP level 4. HP: 31/32 MP: 5/7
  2147 | D:3      | Noticed Grinder
  2153 | D:2      | Paralysed by Grinder for 6 turns
  2186 | D:3      | Slain by an orc

Illustrated notes

Levels and vault maps discovered:
D:1:      dpeg_arrival_short_road, layout_loops_corners, minmay_strange_pillars,
          minmay_quantized
D:2:      layout_basic
D:3:      layout_basic, xom_butterflies,
          grunt_temple_overflow_order_and_chaos_2, general_overflow_altar,
          ebering_ecumenical_altar_hall, gammafunk_ghost_abyssal_escape,
          uniq_jessica, uniq_grinder, uniq_terence

Skill      XL: |  1  2 |
---------------+-------+-----
Transmutations | 3 |  3.9
Dodging        | 3 |  3.3
Fighting       | |  1.6
Unarmed Combat | |  3.9
Spellcasting   | |  2.3
Poison Magic   | |  0.7

Action                   |  1- 3 |  4- 6 || total
-------------------------+-------+-------++-------
Melee: Unarmed           |    26 |    14 ||    40
       Headbutt          |     6 |       ||     6
       Whip              |    78 |    16 ||    94
 Cast: Beastly Appendage |    20 |     3 ||    23
       Spider Form       |       |     1 ||     1
  Use: Scroll            |     1 |       ||     1
       Potion            |       |     1 ||     1
Armor: Robe              |    28 |     4 ||    32
Dodge: Dodged            |    71 |    22 ||    93

Table legend: (Time is in decaauts)
 A = Elapsed time spent in this place.
 B = Non-inter-level travel time spent in this place.
 C = Inter-level travel time spent in this place.
 D = Time resting spent in this place.
 E = Time spent auto-exploring this place.
 F = Levels seen in this place.
 G = Mean time per level.
                   A        B        C        D        E       F      G
               +--------+--------+--------+--------+--------+-----+--------+
         Total |   2192 |   2112 |     80 |      0 |   1765 |   3 |  730.7 |
       Dungeon |   2192 |   2112 |     80 |      0 |   1765 |   3 |  730.7 |
               +--------+--------+--------+--------+--------+-----+--------+

Top non-repeatable levels by time:
     D:1: 1388 daAuts
     D:2: 774 daAuts
     D:3: 29 daAuts
